AoeStats
← DukeClapperOfCheekville

Four Lakes

509328836Analyzed
1v1 RM · 5d ago on Sep 26, 2026· 21m 26s· 2 players
Game mode
Random Map
Map size
Tiny (2 player)
Population
200
Speed
Normal
Resources
Standard
Victory
Conquest
Starting age
Dark Age
Ending age
Imperial Age
RankedLock teamsTeams togetherTeam positionsShared explorationLock speedFull tech treeHidden civsTurbo modeCheats
Victory
Defeat
🇺🇸 Varangians · United States
1409
+18
🇬🇧 Britons · United Kingdom
1460
-18
DukeClapperOfCheekville
8:37 Loom
11:04 Feudal Age
11:41 Double-Bit Axe
11:49 Fishing Lines
17:43 Castle Age
16:03 Gold Mining
18:06 Bloodlines
18:03 Scale Barding Armor
18:40 Husbandry
19:08 Bow Saw
spudjii
12:04 Feudal Age
12:00 Loom
14:31 Scale Mail Armor
14:31 Padded Archer Armor
16:54 Castle Age
15:11 Double-Bit Axe
17:59 Fletching
18:01 Horse Collar
18:29 Fishing Lines
19:59 Heavy Plow
20:31 Bow Saw
Connection lost

Rejoining the realm…

Still unreachable

The connection could not be restored.

Session expired

The server has moved on; the page needs a fresh start.